 Dungeon Crawl Stone Soup version 0.29.1-2-gbd0b4ee654 (webtiles) character file.

Game seed: 17547924952245108110

3355 sanboga the Cleaver (level 9, -20/73 HPs)
             Began as a Minotaur Monk on Nov 11, 2022.
             Was a Priest of Hepliaklqana.
             Demolished by a skeletal warrior
             ... wielding a +0 glaive
              (24 damage)
             ... on level 8 of the Dungeon.
             The game lasted 00:10:34 (6968 turns).

sanboga the Cleaver (Minotaur Monk)                 Turns: 6968, Time: 00:10:34

Health: -20/73     AC:  6    Str: 19    XL:     9   Next: 73%
Magic:  8/8        EV: 11    Int:  7    God:    Hepliaklqana [***...]
Gold:   18         SH: 12    Dex: 14    Spells: 8/8 levels left

rFire   . . .      SeeInvis .   y - +1 broad axe (venom)
rCold   . . .      Faith    .   x - +2 kite shield
rNeg    . . .      Spirit   .   b - +0 robe
rPois   .          Reflect  .   (helmet restricted)
rElec   .          Harm     .   h - +0 cloak
rCorr   .          Rampage  .   D - +0 pair of gloves
Will    +....                   k - +0 pair of boots
Stlth   ++........              (no amulet)
HPRegen 0.22/turn               w - ring of willpower
MPRegen 0.11/turn               (no ring)

@: no status effects
A: reduced essence, horns 2, retaliatory headbutt
a: Renounce Religion, Recall Ancestor, Ancestor Identity, Transference


You were on level 8 of the Dungeon.
You worshipped Hepliaklqana.
Hepliaklqana was most pleased with you.
You visited 2 branches of the dungeon, and saw 9 of its levels.

You collected 323 gold pieces.
You spent 305 gold pieces at shops.

Inventory:

Hand Weapons
 y - a +1 broad axe of venom (weapon)
 C - a +1 hand axe of flaming
Armour
 b - a +0 robe (worn)
 h - a +0 cloak (worn)
 k - a +0 pair of boots (worn)
 x - a +2 kite shield (worn)
 D - a +0 pair of gloves (worn)
Jewellery
 w - a ring of willpower (left hand)
Wands
 a - a wand of mindburst (11)
 i - a wand of charming (6)
 s - a wand of flame (12)
Scrolls
 e - a scroll of fear
 j - 2 scrolls of blinking
 o - 2 scrolls of enchant weapon
 q - 7 scrolls of teleportation
 r - a scroll of summoning
 v - 3 scrolls of butterflies
Potions
 c - 3 potions of ambrosia
 f - 5 potions of curing
 g - 5 potions of flight
 l - 3 potions of mutation {unknown}
 m - 3 potions of degeneration
 t - 2 potions of haste
 z - a potion of might
 A - a potion of cancellation {unknown}


   Skills:
 + Level 8.5 Fighting
 * Level 11.3 Axes
 + Level 7.5 Armour
 - Level 3.2 Dodging
 - Level 1.5 Stealth
 + Level 6.2 Shields


You had 8 spell levels left.
You didn't know any spells.
Your spell library contained the following spells:

 Spells                   Type           Power      Damage    Failure   Level
 Magic Dart               Conj           0%         1d3       77%         1
 Blink                    Tloc           0%         N/A       88%         2
 Call Imp                 Summ           0%         N/A       88%         2
 Gell's Gravitas          Tloc           0%         N/A       98%         3
 Lesser Beckoning         Tloc           0%         N/A       98%         3
 Mephitic Cloud           Conj/Pois/Air  0%         N/A       98%         3
 Teleport Other           Tloc           0%         N/A       98%         3
 Manifold Assault         Tloc           0%         N/A       100%        5


Dungeon Overview and Level Annotations

Branches:
Dungeon (8/15)             Temple (1/1) D:6
   Lair: D:8-11

Altars:
Dithmenos
Elyvilon
Gozag
Hepliaklqana
Makhleb
Okawaru
Ru
Trog
Uskayaw
Vehumet
Yredelemnul

Shops:
D:4 *(   D:5 *   D:7 !

Annotations:
D:8 3 runed translucent doors, Du3lingdragon's ghost, novice BaSu; Maggie


Innate Abilities, Weirdness & Mutations

Your life essence is reduced to manifest your ancestor. (-10% HP)
You have a pair of horns on your head.
You reflexively headbutt those who attack you in melee.


Message History

Chuck gestures at the wight while chanting.
The stone arrow misses the wight.
The stone arrow hits the wight!
You hear a shout!
Your life force feels restored.
Your +1 hand axe of flaming stops flaming.
Your +1 broad axe of venom begins to drip with poison!
y - a +1 broad axe of venom (weapon)
The wight hits Chuck with a +0 halberd.
Chuck misses the wight.
As you read the scroll of teleportation, it crumbles to dust.
You feel strangely unstable.
The wight hits Chuck with a +0 halberd!
Chuck gestures at the wight while chanting.
The stone arrow hits the wight!
The wight is destroyed!
You barely miss the wight. The wight hits you but does no damage.
You slice the wight!!
You destroy the wight!
Your surroundings suddenly seem different.
A white imp comes into view.
Found a pair of boots, a scroll of identify, a scroll of fear and 8 stones.
The white imp shouts!
The white imp gestures at you. The puff of frost hits you.
You barely miss the white imp.
You headbutt the white imp, but do no damage.
You block the white imp's attack.
You slash the white imp!
You kill the white imp!
You see here a scroll of identify.
You hear the faint creaking of a very distant portcullis.
You see here a scroll of fear.
Chuck has departed this plane of existence.
You see here a scroll of identify.
Okay, then.
A skeletal warrior comes into view. It is wielding a +0 glaive.
The skeletal warrior hits you with a +0 glaive!!
* * * LOW HITPOINT WARNING * * *
You barely miss the skeletal warrior. You headbutt the skeletal warrior.
The skeletal warrior is lightly damaged.
The skeletal warrior hits you with a +0 glaive!!
You die...

### ..# #.# #.#
##.## ## ...# .#
#######z.# # .
##....##@.#
#.#.#.#.#..#..#
#...#...##....#
#.....####...#
....##........##
### #.########
#.# ##.# # #..#


You could see a skeletal warrior.

Vanquished Creatures
  A manticore (D:8)
  Joseph (D:7)
  A wyvern (D:5)
  A water moccasin (D:8)
  An orc warrior (D:7)
  2 sky beasts (D:7)
  A centaur (D:5)
  A kobold brigand (D:5)
  A bullfrog (D:7)
  A necrophage (D:6)
  A gnoll sergeant (D:6)
  2 wights (D:8)
  5 killer bees (D:8)
  A hound (D:6)
  A jelly (D:4)
  A gnoll bouda (D:7)
  3 orc priests
  An iguana (D:6)
  2 orc wizards
  Robin (D:2)
  8 gnolls
  4 adders
  3 shadow imps
  3 white imps
  An ufetubus (D:6)
  12 orcs
  5 endoplasms
  A giant cockroach (D:2)
  14 goblins
  7 hobgoblins
  5 jackals
  7 kobolds
  2 quokkas
  6 ball pythons
  8 bats
  3 frilled lizards
  2 rats
120 creatures vanquished.

Vanquished Creatures (collateral kills)
  An ice beast (D:6)
  2 ogres (D:6)
  A necrophage (D:6)
  2 wights (D:8)
  A jelly (D:7)
  3 hounds
  2 orc priests
  2 iguanas
  3 adders
  7 gnolls
  A dart slug (D:4)
  9 orcs
  An endoplasm (D:4)
  A hobgoblin (D:4)
  4 jackals
  2 kobolds
42 creatures vanquished.

Vanquished Creatures (others)
  Psyche (D:8)
  4 battlemagi
  10 plants
15 creatures vanquished.

Grand Total: 177 creatures vanquished

Notes
Turn   | Place    | Note
-------+----------+-------------------------------------------
     0 | D:1      | sanboga the Minotaur Monk began the quest for the Orb.
     0 | D:1      | Reached XP level 1. HP: 19/19 MP: 0/0
   429 | D:1      | Reached skill level 4 in Axes
   432 | D:1      | Reached XP level 2. HP: 27/27 MP: 1/1
   532 | D:1      | Reached skill level 1 in Armour
  1140 | D:2      | Reached XP level 3. HP: 30/33 MP: 2/2
  1371 | D:2      | Noticed Robin
  1385 | D:2      | Killed Robin
  1611 | D:2      | Reached XP level 4. HP: 38/40 MP: 3/3
  1812 | D:2      | Reached skill level 5 in Axes
  1935 | D:2      | Found an opulent altar of Gozag.
  2462 | D:3      | You fall into a shaft and drop 3 floors!
  2478 | D:6      | Noticed an ice beast
  2480 | D:6      | Noticed a necrophage
  2486 | D:6      | Killed an ice beast
  2487 | D:6      | Reached XP level 5. HP: 21/47 MP: 4/4
  2491 | D:6      | Reached skill level 5 in Fighting
  2491 | D:6      | Reached skill level 6 in Axes
  2770 | D:6      | Found a staircase to the Ecumenical Temple.
  2782 | Temple   | Entered the Ecumenical Temple
  2788 | Temple   | Became a worshipper of Hepliaklqana the Forgotten
  2788 | Temple   | Reached * piety under Hepliaklqana
  2788 | Temple   | Reached ** piety under Hepliaklqana
  2789 | Temple   | Remembered your ancestor Chuck as a battlemage
  2814 | D:6      | Reached XP level 6. HP: 50/50 MP: 5/5
  3195 | D:6      | Reached skill level 7 in Axes
  3204 | D:6      | Reached skill level 1 in Shields
  3204 | D:6      | Reached XP level 7. HP: 55/55 MP: 6/6
  3256 | D:5      | Entered Level 5 of the Dungeon
  3256 | D:5      | Found Becwyihua's General Store.
  3259 | D:4      | Found Julajao's Weapon Boutique.
  3265 | D:4      | Bought a +0 broad axe for 48 gold pieces
  4347 | D:4      | Found Juics's General Store.
  4349 | D:4      | Found Ukkom's Specific Store.
  4354 | D:4      | Bought a scroll of poison for 56 gold pieces
  4358 | D:4      | Bought a scroll of identify for 26 gold pieces
  4358 | D:4      | Bought a potion of lignification for 39 gold pieces
  4428 | D:4      | Reached skill level 8 in Axes
  4503 | D:4      | Found a burning altar of Makhleb.
  4678 | D:5      | Reached skill level 5 in Armour
  4682 | D:5      | Reached XP level 8. HP: 60/63 MP: 7/7
  4740 | D:5      | Bought 2 scrolls of identify for 56 gold pieces
  4740 | D:5      | Bought a scroll of identify for 28 gold pieces
  4907 | D:5      | Found a shadowy altar of Dithmenos.
  5149 | D:5      | Found a bloodstained altar of Trog.
  5446 | D:6      | Reached skill level 9 in Axes
  5537 | D:7      | Reached *** piety under Hepliaklqana
  5579 | D:7      | Noticed Joseph
  5915 | D:7      | Killed Joseph
  5916 | D:7      | Reached skill level 10 in Axes
  5916 | D:7      | Reached skill level 5 in Shields
  5916 | D:7      | Reached XP level 9. HP: 42/71 MP: 8/8
  6582 | D:7      | Found a sacrificial altar of Ru.
  6728 | D:7      | Found Quubanat's Distillery.
  6731 | D:7      | Bought a potion of degeneration for 13 gold pieces
  6731 | D:7      | Bought a potion of flight for 39 gold pieces
  6853 | D:8      | Noticed Psyche
  6857 | D:8      | Noticed a manticore
  6862 | D:8      | Killed Psyche
  6867 | D:8      | Killed a manticore
  6870 | D:8      | Noticed Maggie
  6875 | D:8      | Found a runed translucent gate.
  6877 | D:8      | Found a runed translucent gate.
  6877 | D:8      | Found an opulent altar of Gozag.
  6886 | D:8      | Reached skill level 11 in Axes
  6900 | D:8      | Found a runed translucent gate.
  6906 | D:8      | Noticed a cyclops
  6908 | D:8      | Noticed Du3lingdragon's ghost (novice BaSu)
  6966 | D:8      | Noticed a skeletal warrior
  6967 | D:8      | HP: 3/73 [skeletal warrior/+0 glaive (32)]
  6968 | D:8      | Demolished by a skeletal warrior

Illustrated notes

Levels and vault maps discovered:
D:1:      denvon_arrival_planthouse, layout_basic, minivault_4,
          dreamdust_princess_bridge
D:2:      layout_basic, basic_altar, kennysheep_generic_room_4, uniq_robin
D:3:      layout_loops_ring, minivault_27
D:4:      layout_rooms, mainiacjoe_overflow_small_starburst,
          nicolae_specific_store, nicolae_stop_n_shop_2
D:5:      layout_basic, kennysheep_little_box, mainiacjoe_overflow_brackets,
          serial_shops, shop
D:6:      layout_rooms, minmay_temple_entry_mini_moons
D:7:      layout_loops_corners, mainiacjoe_overflow_boulevard, serial_shops,
          nicolae_shop_behind_doors, uniq_joseph
D:8:      layout_rooms, mainiacjoe_overflow_concentric_impassable,
          enter_bailey_5, ebering_ghost_gozag, serial_bayou_ford_a,
          minmay_manual_monstrance, uniq_grum, uniq_amaemon, uniq_psyche,
          uniq_maggie
Temple:   compressed_dpeg_triangle_lava_temple

Skill      XL: |  1  2  3  4  5  6  7  8  9 |
---------------+----------------------------+-----
Axes           | 4 5 6 7 8 10 11 | 11.3
Armour         | 1 2 3 4 5 6 7 |  7.5
Fighting       | 4 5 6 7 8 |  8.5
Shields        | 1 3 5 6 |  6.2
Dodging        | |  3.2
Stealth        | |  1.5

Action                   |  1- 3 |  4- 6 |  7- 9 || total
-------------------------+-------+-------+-------++-------
Melee: Hand axe          |    83 |    52 |    32 ||   167
       Headbutt          |    15 |     8 |    28 ||    51
       Punch             |     1 |       |       ||     1
       Broad axe         |       |       |   133 ||   133
Invok: Ancestor Life: Ba |       |     1 |       ||     1
       Ancestor Identity |       |     1 |       ||     1
       Recall Ancestor   |       |       |     1 ||     1
  Use: Scroll            |     1 |     2 |    15 ||    18
       Potion            |       |       |     3 ||     3
 Stab: Sleeping          |     1 |       |     1 ||     2
       Distracted        |       |       |     3 ||     3
Armor: Robe              |    29 |    11 |    35 ||    75
Dodge: Dodged            |    59 |    29 |    77 ||   165
Block: Kite shield       |       |     6 |   108 ||   114
